Map: Blackrock LE

Players

BratOK (Brat_OK) - Winner!

  • Race: Terran Terran
  • League: Master

A.I. 1 (Elite)

  • Race: Protoss Protoss

VOD

Have the link to the VOD?

Description

Time

  • Played on: Sept. 11, 2026, 7:33 a.m.
  • Length: 4:09
Show
View Real Time Build Order
Export as new Build Order

BratOK Terran - Winner!

Build Orders:  

Get SALT Encoding   

  8  0:00  SCV  
  9  0:12  SCV  
  10  0:24  SCV  
  11  0:29  Supply Depot  
  11  0:36  SCV  
  12  0:58  Barracks  
  12  0:59  Refinery  
  12  1:20  Barracks  
  12  1:22  SCV  
  13  1:35  SCV  
  14  1:45  Barracks Tech Lab  
  14  1:53  Orbital Command  
  14  2:06  Marauder  
  16  2:10  Barracks Tech Lab  
  16  2:16  Concussive Shells  
  16  2:29  Marauder  
  18  2:34  Marauder  
  20  2:41  Supply Depot  
  20  3:03  Marauder x2  
  24  3:16  Bunker  
  24  3:24  Marauder  
  24  3:26  Marauder  
  28  3:45  Supply Depot  
  28  3:46  Marauder  
Show
View Real Time Build Order
Export as new Build Order

A.I. 1 (Elite) Protoss 

Build Orders:  

Get SALT Encoding   

  8  0:00  Probe  
  9  0:13  Probe  
  10  0:25  Probe  
  11  0:37  Probe  
  12  0:48  Pylon  
  12  0:49  Probe  
  13  1:02  Probe  
  13  1:10  Gateway, Probe  
  15  1:18  Assimilator  
  15  1:20  Probe  
  16  1:31  Pylon  
  16  1:32  Probe  
  17  1:44  Probe  
  18  1:54  Zealot  
  18  1:56  Probe  
  18  2:01  Cybernetics Core  
  22  2:08  Probe  
  22  2:15  Gateway  
  22  2:20  Probe  
  23  2:28  Pylon  
  23  2:32  Probe  
  23  2:36  Zealot  
  26  2:44  Probe  
  27  2:52  Assimilator  
  27  2:56  Probe  
  28  3:03  Adept  
  28  3:05  Probe  
  30  3:06  Adept  
  33  3:13  Probe  
  31  3:23  Probe  
  23  3:36  Zealot  
  23  3:39  Stalker  
Tags
 
Add a new tag
Caveats
  • Supply blocks, unpowered buildings, or Contaminate may cause inaccurate times.
  • Supply counts are checked every 10 seconds.